AoeStats
← Smoothshoo

Black Forest

509552225Analyzed
2v2 RM · 6d ago on Sep 27, 2026· 32m 57s· 4 players
Game mode
Random Map
Map size
Medium (4 player)
Population
200
Speed
Normal
Resources
Standard
Victory
Conquest
Starting age
Dark Age
Ending age
Imperial Age
RankedLock teamsTeams togetherTeam positionsShared explorationLock speedFull tech treeHidden civsTurbo modeCheats
Victory
Defeat
🇦🇺 Celts · Australia
1070
+15
🇲🇲 Mongols · Myanmar (Burma)
1008
+17
🇺🇸 Koreans · United States
1070
-17
🇺🇸 Burgundians · United States
1008
-15
Smoothshoo
2:08 Loom
4:33 Double-Bit Axe
13:19 Feudal Age
15:31 Bow Saw
17:05 Horse Collar
20:55 Castle Age
20:27 Wheelbarrow
20:34 Heavy Plow
24:58 Two-Man Saw
25:57 Scale Barding Armor
26:04 Forging
26:51 Crop Rotation
28:26 Iron Casting
29:48 Chain Barding Armor
30:21 Hand Cart
Angelix
3:55 Loom
12:33 Feudal Age
15:37 Wheelbarrow
18:15 Castle Age
17:31 Double-Bit Axe
18:53 Horse Collar
20:12 Fletching
24:25 Scale Mail Armor
24:36 Forging
ploppypants
1:05 Loom
12:17 Feudal Age
18:45 Castle Age
22:26 Husbandry
28:45 Pikeman
hactor
1:40 Loom
12:17 Feudal Age
17:40 Castle Age
15:58 Double-Bit Axe
16:40 Horse Collar
17:08 Gold Mining
18:37 Bloodlines
19:16 Bow Saw
19:18 Heavy Plow
20:09 Husbandry
20:17 Scale Barding Armor
21:16 Stone Mining
24:13 Wheelbarrow
25:12 Stone Shaft Mining
24:29 Town Watch
27:57 Chain Barding Armor
27:31 Pikeman
28:34 Hand Cart
28:44 Hand Cart
29:14 Ballistics
28:59 Squires
32:39 Imperial Age
30:46 Town Patrol
31:46 Gold Shaft Mining
30:39 Light Cavalry
31:14 Fletching
31:24 Murder Holes
32:14 Nomads
32:49 Bodkin Arrow
Connection lost

Rejoining the realm…

Still unreachable

The connection could not be restored.

Session expired

The server has moved on; the page needs a fresh start.